 Dungeon Crawl Stone Soup version 0.31-a0-664-g902f515a81 (webtiles) character file.

Game seed: 7215179758356357098

12381 arthad the Grappler (level 11, -3/100 HPs)
             Began as a Troll Shapeshifter on Sept 2, 2023.
             Was an Elder of Qazlal.
             Slain by an eight-headed hydra (10 damage)
             ... on level 8 of the Dungeon.
             The game lasted 00:14:49 (6529 turns).

arthad the Grappler (Troll Shapeshifter)            Turns: 6529, Time: 00:14:50

Health: -3/100     AC:  8    Str: 28    XL:     11   Next: 61%
Magic:  14/14      EV: 17    Int:  6    God:    Qazlal [****..]
Gold:   1422       SH:  5    Dex: 13    Spells: 10/10 levels left

rFire   + +          .
                       - Unarmed
rCold   + + .        (shield currently unavailable)
rNeg    . . .        V - +2 robe {rC+ rF+}
rPois   .            (helmet restricted)
rElec   .            (no cloak)
rCorr   .            (gloves unavailable)
SInv    .            (boots unavailable)
Will    .....        h - amulet of Fis Ofus {Faith Fly rF+ rC+ Dex+4}
Stlth   +            I - +4 ring of protection
HPRegen 1.16/turn    s - +5 ring of evasion
MPRegen 0.14/turn

%: repel missiles, faith
@: about to teleport, blade hands, flying
A: reduced hp, large, unfitting armour, claws 3, regeneration 1, shaggy fur 1,
tough skin 1
a: Begin Untransformation, Renounce Religion, Upheaval, Elemental Force


You were on level 8 of the Dungeon.
You worshipped Qazlal.
Qazlal was greatly pleased with you.
You had blades for hands.
You visited 1 branch of the dungeon, and saw 8 of its levels.
You also visited: Bailey.

You collected 1422 gold pieces.

Inventory:

Hand Weapons
 u - the +0 sling of Patterns {flame, rC+ Will- Int+5}
   (You found it on level 4 of the Dungeon)

   Int+5:     It affects your intelligence (+5).
   rC+:       It protects you from cold.
   Will-:     It decreases your willpower.
 F - the +6 mace of Integrity {freeze, rElec}
   (You found it on level 6 of the Dungeon)

   rElec:     It insulates you from electricity.
 L - the +7 mace of Midnight {antimagic, rC+ Int-4 Dex+3}
   (You found it on level 6 of the Dungeon)

   Int-4:     It affects your intelligence (-4).
   Dex+3:     It affects your dexterity (+3).
   rC+:       It protects you from cold.
 U - a +3 scimitar of flaming
Missiles
 B - 63 poisoned darts
 G - 6 boomerangs
 M - 9 curare-tipped darts
Armour
 a - a +0 animal skin
 S - an orb of guile
 V - a +2 robe of resistance (worn)
Jewellery
 f - a ring of see invisible
 h - the amulet of Fis Ofus (around neck) {Faith Fly rF+ rC+ Dex+4}
   (You acquired it on level 7 of the Dungeon)

   [amulet of faith]

   Faith:     It allows you to gain divine favour quickly.
   Dex+4:     It affects your dexterity (+4).
   rF+:       It protects you from fire.
   rC+:       It protects you from cold.
   Fly:       It grants you flight.
 p - an amulet of regeneration
 r - a ring of protection from fire
 s - a +5 ring of evasion (right blade hand)
 E - an amulet of guardian spirit
 I - a +4 ring of protection (left blade hand)
Talismans
 c - a beast talisman
 d - a flux talisman
 j - a flux talisman
 N - a blade talisman (active)
Wands
 w - a wand of paralysis (41)
 H - a wand of digging (7)
 J - a wand of iceblast (2)
 O - a wand of acid (5)
Scrolls
 m - a scroll of poison
 o - a scroll of teleportation
 t - 2 scrolls of vulnerability {unknown}
 v - a scroll of silence {unknown}
 y - a scroll of immolation {unknown}
 z - 2 scrolls of amnesia {unknown}
 A - a scroll of enchant weapon {unknown}
 K - a scroll of enchant armour {unknown}
 P - a scroll of revelation {unknown}
 Q - 2 scrolls of brand weapon
 T - a scroll of fog {unknown}
Potions
 b - 2 potions of lignification
 e - a potion of mutation
 g - 8 potions of haste
 i - 9 potions of heal wounds
 k - 2 potions of curing
 l - a potion of might {unknown}
 n - 4 potions of magic
 q - a potion of enlightenment
 x - a potion of degeneration
 C - a potion of brilliance
 D - 2 potions of resistance {unknown}
 R - 2 potions of invisibility {unknown}


   Skills:
 * Level 7.4 Fighting
 - Level 2.6 Armour
 + Level 5.9 Dodging
 + Level 3.4 Stealth
 * Level 9.5 Unarmed Combat
 + Level 6.6 Invocations
 * Level 9.2 Shapeshifting


You had 10 spell levels left.
You didn't know any spells.
Your spell library contained the following spells:

 Spells                   Type           Power      Damage    Failure   Level
 Sting                    Tmut/Pois      0%         1d3       45%         1
 Cigotuvi's Dreadful Rot  Necr/Pois/Air  0%         N/A       58%         2
 Poisonous Vapours        Pois/Air       0%         N/A       58%         2
 Scorch                   Fire           0%         2d5       58%         2
 Dazzling Flash           Conj/Hex       0%         N/A       83%         3
 Hailstorm                Conj/Ice       0%         3d3       83%         3
 Volatile Blastmotes      Fire/Tloc      0%         2d10      83%         3
 Dispel Undead            Necr           0%         3d6       99%         4
 Flame Wave               Conj/Fire      0%         2d4       99%         4
 Olgreb's Toxic Radiance  Pois           0%         N/A       99%         4
 Summon Ice Beast         Ice/Summ       0%         N/A       99%         4
 Summon Mana Viper        Hex/Summ       0%         N/A       100%        5
 Death Channel            Necr           0%         N/A       100%        6
 Simulacrum               Ice/Necr       0%         N/A       100%        6
 Starburst                Conj/Fire      0%         6d3       100%        6
 Summon Cactus Giant      Summ           0%         N/A       100%        6
 Monstrous Menagerie      Summ           0%         N/A       100%        7
 Maxwell's Capacitive Co  Air            0%         ∞         100%        8


Dungeon Overview and Level Annotations

Branches:
Dungeon (8/15)             Temple (0/1) D:7          Bailey (visited)
   Lair: D:8-11

Altars:
Elyvilon
Kikubaaqudgha
Makhleb
Qazlal
Trog

Shops:
D:2 :   D:4 *   D:7 [   D:8 [


Innate Abilities, Weirdness & Mutations

You have blades for hands.
Your maximum health is decreased, since you lack skill for your form.
You are incapable of wielding weapons or throwing items.
You are too large for most types of armour.
You have claws for hands.
Your natural rate of healing is unusually fast.
You are covered in fur. (AC +1)
You have tough skin. (AC +1)


Message History

The eight-headed hydra misses you.
The eight-headed hydra barely misses you.
The eight-headed hydra bites you! The eight-headed hydra misses you.
You block the eight-headed hydra's attack.
The eight-headed hydra misses you. The eight-headed hydra bites you.
You completely miss the eight-headed hydra.
The eight-headed hydra is moderately wounded.
The eight-headed hydra barely misses you. x2
The eight-headed hydra closely misses you.
The eight-headed hydra bites you. The eight-headed hydra bites you!
The eight-headed hydra barely misses you. x2
The eight-headed hydra closely misses you.
You slice the eight-headed hydra!!
The eight-headed hydra is heavily wounded.
The eight-headed hydra bites you! The eight-headed hydra bites you.
The eight-headed hydra bites you!
* * * LOW HITPOINT WARNING * * *
You block the eight-headed hydra's attack.
The eight-headed hydra bites you but does no damage.
You block the eight-headed hydra's attack.
The eight-headed hydra bites you.
* * * LOW HITPOINT WARNING * * *
The eight-headed hydra bites you!
* * * LOW HITPOINT WARNING * * *
Okay, then.
As you read the scroll of teleportation, it crumbles to dust.
You feel strangely unstable.
You block the eight-headed hydra's attack.
The eight-headed hydra bites you.
* * * LOW HITPOINT WARNING * * *
The eight-headed hydra misses you. x2
The eight-headed hydra bites you but does no damage.
You block the eight-headed hydra's attack.
The eight-headed hydra completely misses you.
The eight-headed hydra bites you!
* * * LOW HITPOINT WARNING * * *
The eight-headed hydra is engulfed in freezing vapours.
The eight-headed hydra seems to slow down.
The eight-headed hydra bites you!
You die...

#.# ## ######.#
#....#.# #.#..#.#
#####.##.#.######
#................
#.#...###########
###.#..........
...
#.@.#.#########
### #D#####
########## ....
#......... ######
##########


You could see an eight-headed hydra (slow).

Vanquished Creatures
  Erica (D:8)
  The ghost of abessonov the Covered, a novice AtBe of Trog (D:7)
  Jeremiah (D:8)
  A kobold demonologist (D:8)
  2 wyverns
  A steam dragon (D:5)
  A water moccasin (D:5)
  An ice beast (D:4)
  2 orc warriors
  An ogre (D:5)
  2 black bears
  A sky beast (D:7)
  2 phantoms
  10 kobold brigands (D:8)
  A gnoll sergeant (D:8)
  3 wights (D:7)
  2 howler monkeys
  9 orc priests
  2 jellies
  A centaur skeleton (D:7)
  A gnoll bouda (D:5)
  5 hounds
  3 iron imps (D:6)
  Ijyb (D:4)
  7 iguanas
  4 sleepcaps
  8 orc wizards
  A spectral howler monkey (D:7)
  A killer bee simulacrum (D:7)
  3 adders
  18 gnolls
  A shadow imp (D:6)
  2 white imps (D:5)
  An ufetubus (D:6)
  3 worms
  3 dart slugs
  57 orcs
  5 endoplasms
  2 giant cockroaches (D:4)
  11 goblins
  15 hobgoblins
  5 jackals
  21 kobolds
  4 quokkas
  6 ball pythons
  6 bats
  3 frilled lizards (D:1)
  7 rats
249 creatures vanquished.

Notes
Turn   | Place    | Note
-------+----------+-------------------------------------------
     0 | D:1      | arthad the Troll Shapeshifter began the quest for the Orb.
     0 | D:1      | Reached XP level 1. HP: 18/18 MP: 0/0
    70 | D:1      | Reached skill level 1 in Fighting
   150 | D:1      | Reached XP level 2. HP: 27/27 MP: 1/1
  1024 | D:2      | Reached XP level 3. HP: 33/33 MP: 2/2
  1081 | D:2      | Found Wocaon's Book Emporium.
  1786 | D:3      | Found a white marble altar of Elyvilon.
  1813 | D:3      | Found a bloodstained altar of Trog.
  1813 | D:3      | Found an ancient bone altar of Kikubaaqudgha.
  1944 | D:3      | Reached XP level 4. HP: 36/41 MP: 3/3
  1967 | D:3      | Found a faded altar of an unknown god.
  2217 | D:3      | Reached XP level 5. HP: 49/49 MP: 4/4
  2310 | D:4      | Found a stormy altar of Qazlal.
  2329 | D:4      | Became a worshipper of Qazlal Stormbringer
  2331 | D:4      | Identified the +0 sling of Patterns {flame, rC+ Will-
                  | Int+5}
  2342 | D:4      | Noticed Ijyb
  2347 | D:4      | Reached skill level 1 in Stealth
  2355 | D:4      | Paralysed by Ijyb for 2 turns
  2366 | D:4      | Paralysed by Ijyb for 5 turns
  2374 | D:4      | Killed Ijyb
  2411 | D:4      | Reached XP level 6. HP: 36/59 MP: 5/5
  2565 | D:4      | Reached skill level 1 in Invocations
  2620 | D:4      | Found Cut Umaetty's Overcharged Wands.
  2891 | D:5      | Entered Level 5 of the Dungeon
  2999 | D:5      | Noticed an ice beast
  3008 | D:5      | Reached XP level 7. HP: 45/66 MP: 7/7
  3049 | D:4      | Reached skill level 5 in Unarmed Combat
  3049 | D:4      | Reached * piety under Qazlal
  3253 | D:5      | Reached XP level 8. HP: 66/75 MP: 7/9
  3631 | D:6      | Reached skill level 5 in Shapeshifting
  3680 | D:6      | Identified the +6 mace of Integrity {freeze, rElec}
  3690 | D:6      | Reached ** piety under Qazlal
  3798 | D:6      | Found a burning altar of Makhleb.
  4115 | D:6      | Identified the +7 mace of Midnight {antimagic, rC+ Int-4
                  | Dex+3}
  4658 | D:7      | Reached XP level 9. HP: 85/85 MP: 11/11
  4801 | D:7      | Found Moraofepp's Armour Boutique.
  4836 | D:7      | Reached *** piety under Qazlal
  4970 | D:7      | Found a runed translucent gate.
  4970 | D:7      | Found a runed translucent gate.
  4970 | D:7      | Found a runed translucent gate.
  4996 | D:7      | Noticed abessonov's ghost (novice AtBe)
  5137 | D:7      | Found a staircase to the Ecumenical Temple.
  5219 | D:7      | Identified 2 scrolls of acquirement
  5220 | D:7      | Acquired 1079 gold pieces
  5222 | D:7      | Acquired the amulet of Fis Ofus {Faith Fly rF+ rC+ Dex+4}
  5249 | D:7      | Reached skill level 5 in Invocations
  5249 | D:7      | Reached XP level 10. HP: 100/100 MP: 11/13
  5250 | D:7      | Reached skill level 5 in Dodging
  5250 | D:7      | Reached XP level 11. HP: 109/109 MP: 11/14
  5288 | D:7      | Killed abessonov's ghost
  5319 | D:8      | Noticed Jeremiah
  5369 | D:8      | Found a flagged portal.
  5384 | Bailey   | Entered a bailey
  5612 | Bailey   | Reached **** piety under Qazlal
  5659 | D:8      | Killed Jeremiah
  6021 | D:8      | Noticed Erica
  6028 | D:8      | Killed Erica
  6346 | D:8      | Found Uxygra's Armour Emporium.
  6522 | D:8      | Noticed an eight-headed hydra
  6529 | D:8      | Slain by an eight-headed hydra

Illustrated notes

Levels and vault maps discovered:
D:1:      amcnicky_arrival_double_pillar, layout_loops_ring
D:2:      layout_loops_corners, serial_shops, shop
D:3:      layout_basic, grunt_temple_overflow_open,
          hellmonk_ecumenical_altar_crossroads
D:4:      layout_cave_pools, nicolae_qazlal_scattered_showers,
          nicolae_shop_overcharged_wands, uniq_ijyb
D:5:      layout_basic, serial_corexii_hall, corexii_hall_statues_i,
          corexii_hall_statues_l
D:6:      corexii_shantytown, layout_basic, demons_altar
D:7:      layout_basic, minmay_temple_entry_fiery, gammafunk_ghost_necromancy,
          serial_shops, shop
D:8:      layout_basic, enter_bailey_4, special_room [special_room_kobold],
          serial_shops, nicolae_shop_tiny_real_fake_doors, minmay_microvault,
          uniq_jeremiah, uniq_erica

Skill      XL: |  1  2  3  4  5  6  7  8  9 10 11 |
---------------+----------------------------------+-----
Fighting       | 1 2 3 4 6 7 |  7.4
Dodging        | 2 3 4 5 |  5.9
Unarmed Combat | 4 5 6 8 9 |  9.5
Stealth        | 1 2 3 |  3.4
Invocations    | 1 2 4 5 6 |  6.6
Shapeshifting  | 4 5 7 8 9 |  9.2
Armour         | 2 |  2.6

Action                     |  1- 3 |  4- 6 |  7- 9 | 10-12 || total
---------------------------+-------+-------+-------+-------++-------
  Melee: Unarmed           |   102 |   120 |   203 |   174 ||   599
         Punch             |     1 |     2 |     5 |     8 ||    16
  Throw: Dart              |       |       |     4 |       ||     4
  Evoke: Wand              |       |       |       |     7 ||     7
    Use: Scroll            |       |       |    16 |     1 ||    17
         Potion            |       |       |     1 |     2 ||     3
   Stab: Sleeping          |       |     2 |       |       ||     2
 Armour: Animal skin       |    73 |    54 |    82 |    49 ||   258
         Robe              |       |       |       |    25 ||    25
  Dodge: Dodged            |    49 |    60 |   112 |   118 ||   339
  Block: Other             |       |       |     9 |    37 ||    46
   Form: Blade             |       |       |       |     1 ||     1

Table legend: (Time is in decaauts)
 A = Elapsed time spent in this place.
 B = Non-inter-level travel time spent in this place.
 C = Inter-level travel time spent in this place.
 D = Time resting spent in this place.
 E = Time spent auto-exploring this place.
 F = Levels seen in this place.
 G = Mean time per level.
                   A        B        C        D        E       F      G
               +--------+--------+--------+--------+--------+-----+--------+
         Total |   6469 |   6282 |    187 |     34 |   4949 |   9 |  718.8 |
       Dungeon |   6206 |   6019 |    187 |     34 |   4751 |   8 |  775.8 |
        Bailey |    262 |    262 |      0 |      0 |    198 |   1 |  262.0 |
               +--------+--------+--------+--------+--------+-----+--------+

Top non-repeatable levels by time:
     D:6: 967 daAuts
     D:8: 898 daAuts
     D:2: 806 daAuts
     D:3: 804 daAuts
     D:7: 750 daAuts
     D:1: 686 daAuts
     D:5: 681 daAuts
     D:4: 613 daAuts
  Bailey: 262 daAuts
